 Dungeon Crawl Stone Soup version 0.18-a0-1292-ge8ad84c (webtiles) character file.

392 nuthulu the Skirmisher (level 6, -2/41 HPs)
             Began as a Gargoyle Fighter on Feb 9, 2016.
             Slain by an orc warrior
             ... wielding a +0 halberd
              (6 damage)
             ... on level 3 of the Dungeon.
             The game lasted 00:05:21 (2569 turns).

nuthulu the Skirmisher (Gargoyle Fighter)           Turns: 2569, Time: 00:05:21

Health: -2/41      AC:  9    Str: 20    XL:     6   Next: 80%
Magic:  6/6        EV:  7    Int:  8    God:
Gold:   134        SH:  9    Dex: 11    Spells: 0 memorised, 5 levels left

rFire  + . .     SeeInvis .     p - +4 flail
rCold  . . .     Gourm    .     b - +0 scale mail
rNeg   + . .     Faith    .     c - +0 shield
rPois  ∞         Spirit   .     e - +0 hat
rElec  +         Dismiss  .     (no cloak)
rCorr  .         Reflect  .     (no gloves)
SustAt .         Harm     .     j - +0 pair of boots
MR     .....                    (no amulet)
Stlth  ..........               (no ring)
                                k - ring of protection from fire

@: not resistant to hostile enchantments, extremely unstealthy
A: deformed body, negative energy resistance 1, regeneration 1, electricity
resistance, wild magic 1, unbreathing, petrification resistance, rot immunity,
AC +4
a: no special abilities


You were on level 3 of the Dungeon.
You were not hungry.

You visited 1 branch of the dungeon, and saw 3 of its levels.

You collected 134 gold pieces.

Inventory:

Hand Weapons
 a - a +0 flail
 p - a +4 flail (weapon)
Armour
 b - a +0 scale mail (worn)
 c - a +0 shield (worn)
 e - a +0 hat (worn)
 j - a +0 pair of boots (worn)
Jewellery
 k - a ring of protection from fire (left hand)
 l - an uncursed amulet of dismissal {unknown}
 m - an uncursed ring of poison resistance {unknown}
Scrolls
 o - a scroll of blinking
Comestibles
 d - a slice of pizza
 f - 3 bread rations
 g - 5 chunks of flesh
 h - 2 meat rations
 i - 5 fruits
 n - a beef jerky


   Skills:
 + Level 6.2 Fighting
 + Level 5.1 Maces & Flails
 - Level 3.2 Armour
 - Level 3.2 Shields


You had 5 spell levels left.
You didn't know any spells.

Dungeon Overview and Level Annotations

Branches:
Dungeon (3/15)

Altars:
Cheibriados
Vehumet


Innate Abilities, Weirdness & Mutations

You are resistant to torment.
Your stone body is resilient (AC +4).
You are immune to poison.
You resist negative energy.
You are resistant to electric shocks.
You can survive without breathing.
You are immune to petrification.
You are immune to rotting.
Armour fits poorly on your strangely shaped body.
Your natural rate of healing is unusually fast.
Your spells are a little harder to cast, but a little more powerful.


Message History

A worm comes into view.
You hit the orc warrior but do no damage.
The orc warrior is lightly wounded.
The orc warrior hits you with a halberd!
You sock the orc warrior!
The orc warrior is moderately wounded.
The orc warrior hits you with a halberd.
You completely miss the orc warrior.
The orc warrior is moderately wounded.
The orc warrior hits you with a halberd.
* * * LOW HITPOINT WARNING * * *
You sock the orc warrior!
The orc warrior is severely wounded.
The orc warrior hits you with a halberd!
* * * LOW HITPOINT WARNING * * *
Unknown command.
You hit the orc warrior but do no damage.
The orc warrior is severely wounded.
The orc warrior hits you with a halberd.
You die...

#...### #.# #.....# #.#
#.....## #.# ##########
#......# #.# #.........
#..#.#.###'###'########
#..._..##.......#
#..#)####.......#
#.##.).##.......# #.
###@###'###'##
##.####o###.# #.#
......go.##.# #.#
.......#.##.# #.#
..o.... ..#.# #.#
o...... #.#.# #.#
....... ...# #.#
....... ...# #.#
....... ...#


You could see an orc warrior, an orc and a goblin.

Vanquished Creatures
  Sigmund (D:2)
  A hound (D:3)
  3 orc priests (D:3)
  An orc wizard (D:3)
  3 adders (D:3)
  6 orcs (D:3)
  2 giant cockroaches (D:1)
  13 goblins
  6 hobgoblins
  3 ball pythons
  10 bats
  A giant newt (D:1)
  5 kobolds
  5 rats
60 creatures vanquished.

Notes
Turn   | Place    | Note
--------------------------------------------------------------
     0 | D:1      | nuthulu the Gargoyle Fighter began the quest for the Orb.
     0 | D:1      | Reached XP level 1. HP: 14/14 MP: 1/1
   258 | D:1      | Reached XP level 2. HP: 19/19 MP: 2/2
   753 | D:1      | Reached XP level 3. HP: 24/24 MP: 3/3
   933 | D:2      | Reached skill level 4 in Fighting
  1026 | D:2      | Noticed Sigmund
  1039 | D:2      | Killed Sigmund
  1039 | D:2      | Reached skill level 5 in Fighting
  1039 | D:2      | Reached XP level 4. HP: 20/31 MP: 4/4
  1039 | D:2      | Reached XP level 5. HP: 22/35 MP: 5/5
  1248 | D:2      | Found a radiant altar of Vehumet.
  1661 | D:3      | Reached XP level 6. HP: 40/40 MP: 6/6
  1687 | D:3      | Gained mutation: Your spells are a little harder to cast, but a little more powerful. [potion of mutation]
  1687 | D:3      | Gained mutation: Your natural rate of healing is unusually fast. [potion of mutation]
  1687 | D:3      | Gained mutation: Armour fits poorly on your strangely shaped body. [potion of mutation]
  1705 | D:3      | HP: 2/41 [orc wizard/dagger (2)]
  2090 | D:3      | Reached skill level 6 in Fighting
  2375 | D:3      | Reached skill level 5 in Maces & Flails
  2507 | D:3      | Found a snail-covered altar of Cheibriados.
  2518 | D:3      | Noticed an orc warrior
  2569 | D:3      | Slain by an orc warrior

Vault maps used:
D:1:      dpeg_arrival_boxorama
D:2:      vehumet_crystals, first_bread, uniq_sigmund
D:3:      lemuel_crystal_altar

Action                   |  1- 3 |  4- 6 || total
-------------------------+-------+-------++-------
Melee: Flail             |   100 |   132 ||   232
  Use: Scroll            |     5 |     1 ||     6
       Potion            |     2 |     3 ||     5
  Eat: Chunk             |     1 |     5 ||     6
